Map: 锈化山巅-天梯版

Players

TIME (Oliveira) - Winner!

  • Race: Terran Terran
  • League: Grandmaster

CoffeeMs (Coffee)

  • Race: Terran Terran

Event: DreamHack SC2 Masters 2021 Summer

VOD

Have the link to the VOD?

Description

Time

  • Played on: May 29, 2021, 9:19 a.m.
  • Length: 10:31

All games in this series

Show
View Real Time Build Order
Export as new Build Order

TIME Terran - Winner!

Build Orders:  

Get SALT Encoding   

  12  0:00  SCV  
  13  0:13  SCV  
  14  0:17  Supply Depot  
  14  0:25  SCV  
  15  0:38  SCV  
  15  0:40  Barracks  
  16  0:43  Refinery  
  16  0:50  SCV  
  16  0:53  Refinery  
  17  1:03  SCV  
  18  1:15  SCV  
  19  1:27  Reaper, Orbital Command  
  19  1:29  Supply Depot  
  20  1:44  Factory  
  20  1:53  SCV  
  21  1:59  Reaper  
  22  2:05  SCV  
  23  2:17  SCV  
  23  2:22  Command Center  
  24  2:28  Hellion  
  26  2:31  SCV  
  26  2:33  Barracks Reactor  
  27  2:41  Starport  
  28  2:44  SCV  
  28  2:50  Supply Depot  
  28  2:52  Factory Tech Lab  
  28  2:56  SCV  
  29  3:08  SCV  
  29  3:11  Marine x2  
  32  3:13  Siege Tank  
  35  3:21  Medivac  
  35  3:22  SCV  
  38  3:28  Marine  
  38  3:33  Marine  
  40  3:35  Orbital Command  
  40  3:39  Refinery  
  40  3:40  SCV  
  41  3:46  Marine  
  42  3:51  Marine, Siege Tank  
  42  3:54  Starport Tech Lab  
  47  3:55  SCV  
  47  4:02  SCV  
  48  4:06  Supply Depot  
  48  4:07  SCV  
  48  4:09  Marine x2  
  51  4:23  Raven  
  53  4:26  SCV  
  53  4:27  Marine  
  55  4:33  SCV  
  55  4:34  Marine  
  55  4:36  Supply Depot  
  57  4:42  SCV  
  58  4:49  SCV  
  59  4:53  Siege Tank  
  59  4:57  Marine  
  63  5:00  SCV  
  63  5:01  SCV  
  63  5:06  Marine, Supply Depot  
  66  5:07  Command Center  
  66  5:09  Raven  
  66  5:12  SCV  
  69  5:15  SCV  
  69  5:21  Refinery  
  70  5:26  Barracks x2  
  70  5:28  Marine x2  
  72  5:31  Siege Tank  
  72  5:35  SCV, Supply Depot  
  76  5:45  SCV  
  77  5:53  SCV  
  78  6:03  SCV  
  78  6:05  Siege Tank  
  78  6:09  SCV  
  82  6:15  Viking x2  
  82  6:16  Stimpack  
  82  6:18  Barracks Reactor x2, Marine  
  86  6:24  SCV  
  88  6:29  SCV, Orbital Command  
  89  6:33  Engineering Bay  
  89  6:34  Engineering Bay  
  89  6:36  Marine  
  89  6:37  SCV  
  89  6:38  Siege Tank  
  94  6:41  SCV  
  94  6:46  Supply Depot  
  94  6:47  Viking  
  97  6:48  Barracks  
  97  6:50  Barracks  
  97  6:51  SCV  
  98  6:56  Viking  
  101  7:07  Marine  
  101  7:08  SCV x3, Marine x2  
  106  7:10  Terran Infantry Weapons Level 1  
  106  7:11  Sensor Tower  
  106  7:12  Terran Infantry Armor Level 1  
  106  7:14  Marine  
  107  7:20  SCV  
  107  7:21  Siege Tank  
  109  7:30  SCV x2, Viking  
  109  7:32  SCV  
  109  7:33  Marine  
  109  7:35  Refinery, Supply Depot  
  115  7:37  Refinery, Marine x2  
  115  7:39  Barracks Reactor x2  
  115  7:44  Supply Depot  
  117  7:47  Supply Depot  
  117  7:57  SCV x3, Marine x2, Siege Tank  
  124  8:04  Marine  
  124  8:05  Viking  
  127  8:09  SCV  
  127  8:10  Marine, Viking  
  131  8:15  SCV  
  131  8:17  SCV  
  133  8:20  Marine, Supply Depot  
  133  8:21  SCV, Marine, Supply Depot  
  133  8:25  Marine, Combat Shield  
  133  8:26  Marine x2  
  139  8:32  SCV, Marine  
  137  8:34  Marine x2  
  137  8:38  Medivac  
  137  8:40  Medivac  
  141  8:42  Marine x2, Siege Tank  
  141  8:44  Armory  
  141  8:45  SCV x2, Supply Depot  
  148  8:48  Marine  
  148  8:50  Marine  
  148  8:52  SCV  
  151  8:57  SCV  
  151  9:00  Command Center  
  151  9:02  Marine x2  
  154  9:11  Marine x2  
  156  9:17  Supply Depot x2  
  156  9:18  Marine, Siege Tank  
  156  9:19  Marine x4  
  164  9:25  Supply Depot  
  164  9:26  Medivac  
  164  9:27  Marine x2  
  168  9:31  Marine x2  
  168  9:34  Sensor Tower  
  169  9:44  Marine x2  
  169  9:45  Marine x2  
  171  9:52  Siege Tank  
  176  9:57  Missile Turret  
  176  10:02  Barracks Reactor  
  176  10:03  Factory  
  176  10:04  Marine x2  
Show
View Real Time Build Order
Export as new Build Order

CoffeeMs Terran 

Build Orders: Reaper Expand 

Get SALT Encoding   

  12  0:00  SCV  
  13  0:12  SCV  
  14  0:17  Supply Depot  
  14  0:24  SCV  
  15  0:38  SCV  
  15  0:40  Barracks  
  16  0:42  Refinery  
  16  0:50  SCV  
  17  1:02  SCV  
  18  1:15  SCV  
  19  1:27  Reaper, Orbital Command  
  20  1:39  Command Center  
  20  1:46  Supply Depot  
  20  1:54  SCV  
  21  1:59  Marine  
  22  2:06  SCV, Factory  
  23  2:14  Bunker  
  23  2:17  Marine  
  23  2:18  SCV  
  25  2:25  Refinery  
  25  2:30  SCV  
  25  2:36  Barracks Reactor  
  26  2:42  SCV  
  27  2:50  Hellion  
  29  2:51  Orbital Command  
  29  2:54  Starport  
  29  2:56  SCV  
  30  3:08  SCV  
  30  3:10  Refinery  
  30  3:11  Factory Tech Lab  
  31  3:13  Marine x2  
  31  3:17  SCV  
  34  3:20  SCV  
  35  3:30  Cyclone  
  35  3:31  Starport Tech Lab  
  35  3:32  SCV x2  
  40  3:34  Marine x2  
  40  3:38  Supply Depot  
  42  3:43  Supply Depot  
  42  3:46  SCV  
  44  3:52  Raven  
  45  3:59  SCV  
  45  4:00  SCV  
  45  4:01  Marine  
  45  4:02  Marine  
  49  4:08  Siege Tank  
  52  4:11  SCV  
  52  4:12  SCV  
  52  4:14  Barracks  
  54  4:22  Marine  
  54  4:24  Marine  
  54  4:27  Barracks  
  54  4:35  SCV  
  53  4:47  Barracks Reactor  
  52  4:54  SCV x2  
  52  4:56  Engineering Bay  
  52  4:58  Starport Reactor, Supply Depot  
  54  5:11  Barracks Reactor  
  54  5:15  Barracks Reactor, Supply Depot  
  54  5:19  SCV x2, Stimpack, Siege Tank  
  54  5:20  Marine  
  60  5:25  Terran Infantry Weapons Level 1  
  60  5:31  SCV x2  
  62  5:37  Marine  
  62  5:41  Medivac x2, Supply Depot  
  67  5:43  SCV x2  
  67  5:48  Marine  
  70  5:56  Supply Depot  
  70  5:59  SCV, Marine x2  
  70  6:00  SCV  
  70  6:06  Marine x2  
  70  6:07  Marine, Siege Tank  
  76  6:11  Command Center  
  76  6:15  Supply Depot  
  76  6:17  Marine x2  
  78  6:34  Supply Depot  
  78  6:35  SCV x2, Marine x5  
  78  6:36  Medivac x2  
  78  6:38  Supply Depot  
  89  6:45  Siege Tank  
  89  6:46  Barracks x2  
  92  6:50  SCV x2  
  94  6:56  Marine x3  
  94  6:59  Combat Shield  
  97  7:02  Marine x2  
  97  7:03  Refinery  
  97  7:07  SCV x2  
  99  7:13  Marine  
  100  7:19  Terran Infantry Armor Level 1, SCV x2  
  102  7:23  Marine x2  
  102  7:24  Marine x2  
  106  7:31  SCV  
  106  7:32  SCV  
  106  7:33  Barracks Reactor  
  106  7:34  Barracks Reactor  
  106  7:35  Siege Tank  
  111  7:39  Supply Depot  
  111  7:43  SCV  
  111  7:44  SCV  
  113  7:45  Orbital Command  
  113  7:50  Medivac x2  
  117  7:55  Supply Depot  
  117  7:56  SCV x2  
  119  8:00  Marine x4  
  119  8:04  Marine  
  124  8:08  SCV x2  
  124  8:09  Supply Depot  
  124  8:11  Marine x3  
  129  8:15  SCV  
  129  8:17  Marine  
  131  8:20  SCV  
  131  8:25  Armory, Engineering Bay  
  132  8:37  Marine x4  
  132  8:38  Marine x3, Siege Tank  
  132  8:39  Refinery, Sensor Tower  
  132  8:40  Refinery  
  142  8:46  SCV x2  
  144  8:53  SCV  
  144  8:55  Supply Depot  
  145  8:56  Supply Depot  
  145  8:58  SCV  
  146  9:03  Sensor Tower  
  146  9:07  Missile Turret  
  146  9:08  Marine x3  
  146  9:09  Marine x2  
  148  9:10  Marine  
  148  9:16  Marine x2  
  148  9:17  SCV x2, Siege Tank  
  156  9:30  Command Center  
  156  9:33  Marine x2  
  156  9:37  Marine x2  
  160  9:39  Marine x5  
  160  9:45  Supply Depot  
  165  9:48  Viking x2  
  165  9:51  Supply Depot  
  169  10:00  Marine x3  
  169  10:02  Marine  
  173  10:13  Marine  
  166  10:15  SCV x3  
Tags
 
Add a new tag
Caveats
  • Supply blocks, unpowered buildings, or Contaminate may cause inaccurate times.
  • Supply counts are checked every 10 seconds.